 Dungeon Crawl Stone Soup version 0.29-a0-6-ga859fcf985 (console) character file.

Game seed: 9776444868620474927

119 Cab the Chopper (level 4, 0/35 HPs)
             Began as a Demonspawn Fighter on Jan 27, 2022.
             Slain by Sigmund (3 damage)
             ... on level 2 of the Dungeon.
             The game lasted 00:04:12 (1943 turns).

Cab the Chopper (Demonspawn Fighter)                Turns: 1943, Time: 00:04:13

Health: 0/35       AC:  7    Str: 18    XL:     4   Next: 74%
Magic:  4/4        EV:  9    Int:  9    God:
Gold:   84         SH:  8    Dex: 13    Spells: 3/3 levels left

rFire   . . .      SeeInvis .   a - +0 war axe
rCold   . . .      Faith    .   c - +0 buckler
rNeg    . . .      Spirit   .   b - +0 scale mail
rPois   .          Reflect  .   f - +0 helmet
rElec   .          Harm     .   (no cloak)
rCorr   .          Rampage  .   (no gloves)
Will    .....                   (no boots)
Stlth   ..........              (no amulet)
HPRegen 0.11/turn               (no ring)
MPRegen 0.09/turn               (no ring)

@: mighty
A: large bone plates 1, spiny 1
a: no special abilities


You were on level 2 of the Dungeon.
You visited 1 branch of the dungeon, and saw 2 of its levels.

You collected 84 gold pieces.

Inventory:

Hand Weapons
 a - a +0 war axe (weapon)
Armour
 b - a +0 scale mail (worn)
 c - a +0 buckler (worn)
 f - a +0 helmet (worn)
Scrolls
 e - a scroll of noise {unknown}
 g - 2 scrolls of identify {unknown}
Potions
 h - a potion of cancellation {unknown}
 i - 2 potions of curing {unknown}


   Skills:
 - Level 3.0 Fighting
 + Level 4.6 Axes
 - Level 2.6 Armour
 - Level 2.6 Shields


You had 3 spell levels left.
You didn't know any spells.
Your spell library was empty.

Dungeon Overview and Level Annotations

Branches:
Dungeon (2/15)

Altars:

Annotations:
D:2 Sigmund


Innate Abilities, Weirdness & Mutations

You are partially covered in large bone plates. (SH +4)
You are partially covered in sharp spines.


Message History

The kobold throws a stone.
The stone closely misses you. The kobold hits you but does no damage.
You slash the kobold!
You kill the kobold!
Things that are here:
a +0 dagger; 4 stones; a kobold corpse
Things that are here:
a +0 dagger; 4 stones; a kobold corpse
Found 2 javelins.
Sigmund the Dreaded comes into view.
He is wielding a +0 scythe and wearing a +2 robe of willpower.
Sigmund shouts!
Sigmund gestures at you while chanting. The magic dart hits you!
You feel very mighty all of a sudden.
Sigmund gestures wildly while chanting.
Sigmund flickers and vanishes!
Deactivating autopickup; reactivate with Ctrl-A.
Something hits you but does no damage.
A kobold comes into view. It is wielding a +0 dagger.
The kobold shouts!
You hear some strange, mumbled words.
A magic dart appears from out of thin air!
The magic dart hits you.
You slice something!!
You hear some strange, mumbled words.
A puff of flame appears from out of thin air!
The puff of flame misses you.
The kobold throws a stone.
You block the stone.
You barely miss something.
You hear some strange, mumbled words.
You are confused.
You miss something. Something hits you.
You miss something. Something hits you!
The kobold throws a stone.
Something hits you.
The kobold throws a stone.
The stone barely misses you.
The kobold throws a stone.
The stone hits you. Something hits you.
* * * LOW HITPOINT WARNING * * *
You bump into the rock wall.
You bump into the rock wall.
Something hits you.
* * * LOW HITPOINT WARNING * * *
You feel less confused.
The kobold throws a stone.
Something hits you.
You die...

▒▒▒∙∙∙∙∙∙∙∙▒
∙∙∙∙▒▒▒▒▒∙∙▒ ∙∙∙∙▒
▒∙▒∙∙▒
∙∙∙∙▒▒▒∙▒∙∙▒
∙∙∙∙∙∙∙∙▒∙∙▒
∙∙∙▒▒▒▒∙▒∙∙▒
∙∙∙∙∙∙∙∙∙∙∙▒▒▒▒▒▒▒
∙(∙▒▒▒▒∙▒▒∙∙∙∙∙∙∙▒
∙∙∙▒▒▒▒∙▒▒▒▒▒▒▒▒@▒
∙∙∙∙∙∙▒∙▒ ▒∙▒
∙∙∙▒▒∙▒∙▒ ▒{▒
∙∙∙∙∙∙▒∙▒ ▒K▒
▒▒▒∙∙∙▒∙▒ ▒∙▒
∙∙∙∙∙∙▒∙▒ ▒∙▒
▒▒▒▒▒∙▒∙▒ ▒∙▒
∙∙∙∙∙∙▒∙▒ ▒∙▒
▒▒▒▒▒▒▒∙▒ ▒∙▒


You could see a kobold.

Vanquished Creatures
  Terence (D:2)
  2 gnolls (D:1)
  3 adders (D:2)
  2 worms (D:2)
  6 bats
  4 endoplasms
  2 giant cockroaches (D:1)
  4 goblins
  2 hobgoblins (D:1)
  6 kobolds
  3 quokkas (D:1)
  A ball python (D:1)
  4 frilled lizards (D:1)
  6 rats
46 creatures vanquished.

Notes
Turn   | Place    | Note
-------+----------+-------------------------------------------
     0 | D:1      | Cab the Demonspawn Fighter began the quest for the Orb.
     0 | D:1      | Reached XP level 1. HP: 18/18 MP: 1/1
    67 | D:1      | Reached skill level 2 in Axes
   214 | D:1      | Gained mutation: You are partially covered in sharp spines.
                  | [demonic ancestry]
   214 | D:1      | Reached XP level 2. HP: 24/24 MP: 2/2
   354 | D:1      | Reached skill level 3 in Axes
   359 | D:1      | Gained mutation: You are partially covered in large bone
                  | plates. (SH +4) [demonic ancestry]
   359 | D:1      | Reached XP level 3. HP: 16/29 MP: 3/3
   758 | D:1      | Found a faded altar of an unknown god.
  1384 | D:2      | Reached skill level 4 in Axes
  1384 | D:2      | Reached XP level 4. HP: 29/35 MP: 4/4
  1632 | D:2      | Noticed Terence
  1644 | D:2      | Killed Terence
  1926 | D:2      | Noticed Sigmund
  1943 | D:2      | Slain by Sigmund

Illustrated notes

Levels and vault maps discovered:
D:1:      dpeg_arrival_long_road, layout_loops_ring,
          ebering_ecumenical_altar_box
D:2:      layout_basic, uniq_terence, uniq_sigmund

Skill      XL: |  1  2  3 |
---------------+----------+-----
Axes           | 2 3 4 |  4.6
Fighting       | |  3.0
Armour         | |  2.6
Shields        | |  2.6

Action                   |  1- 3 |  4- 6 || total
-------------------------+-------+-------++-------
Melee: War axe           |    68 |    28 ||    96
  Use: Potion            |       |     1 ||     1
Armor: Scale mail        |    27 |     9 ||    36
Dodge: Dodged            |    32 |     8 ||    40
Block: Buckler           |    22 |    14 ||    36

Table legend: (Time is in decaauts)
 A = Elapsed time spent in this place.
 B = Non-inter-level travel time spent in this place.
 C = Inter-level travel time spent in this place.
 D = Time resting spent in this place.
 E = Time spent auto-exploring this place.
 F = Levels seen in this place.
 G = Mean time per level.
                   A        B        C        D        E       F      G
               +--------+--------+--------+--------+--------+-----+--------+
         Total |   1979 |   1966 |     13 |      0 |   1584 |   2 |  989.5 |
       Dungeon |   1979 |   1966 |     13 |      0 |   1584 |   2 |  989.5 |
               +--------+--------+--------+--------+--------+-----+--------+

Top non-repeatable levels by time:
     D:1: 1014 daAuts
     D:2: 964 daAuts
